 Dungeon Crawl Stone Soup version 0.29.1-2-gbd0b4ee654 (webtiles) character file.

Game seed: 12421186823537751245

1461 writerjack the Cleaver (level 8, 0/66 HPs)
             Began as a Minotaur Berserker on Oct 29, 2022.
             Was an Elder of Trog.
             Slain by a gnoll sergeant
             ... wielding a +0 trident
              (4 damage)
             ... on level 6 of the Dungeon.
             The game lasted 00:09:19 (6400 turns).

writerjack the Cleaver (Minotaur Berserker)         Turns: 6400, Time: 00:09:20

Health: 0/66       AC:  8    Str: 24    XL:     8   Next: 48%
Magic:  7/7        EV:  7    Int:  4    God:    Trog [****..]
Gold:   315        SH:  9    Dex: 10    Spells: 7/7 levels left

rFire   . . .      SeeInvis .   w - +2 hand axe (venom)
rCold   . . .      Faith    .   s - +0 kite shield
rNeg    . . .      Spirit   .   p - +0 chain mail
rPois   .          Reflect  .   (helmet restricted)
rElec   .          Harm     .   j - scarf {shadows}
rCorr   .          Rampage  .   (no gloves)
Will    .....                   (no boots)
Stlth   ..........              (no amulet)
HPRegen 0.21/turn               (no ring)
MPRegen 0.10/turn               (no ring)

@: no status effects
A: horns 2, retaliatory headbutt
a: Renounce Religion, Berserk, Trog's Hand, Brothers in Arms


You were on level 6 of the Dungeon.
You worshipped Trog.
Trog was greatly pleased with you.
You visited 1 branch of the dungeon, and saw 7 of its levels.

You collected 315 gold pieces.

Inventory:

Hand Weapons
 a - a +0 hand axe
 b - a +4 flail of holy wrath
 q - a +0 war axe
 w - a +2 hand axe of venom (weapon)
 D - a +0 spear
Missiles
 k - 5 datura-tipped darts (quivered)
Armour
 j - a scarf of shadows (worn)
 p - a +0 chain mail (worn)
 s - a +0 kite shield (worn)
 y - a scarf of invisibility
Jewellery
 A - a ring of protection from fire
Scrolls
 e - 4 scrolls of enchant weapon {unknown}
 f - 3 scrolls of identify {unknown}
 g - 5 scrolls of teleportation {unknown}
 h - a scroll of blinking {unknown}
 m - a scroll of poison {unknown}
 o - 2 scrolls of vulnerability {unknown}
 r - a scroll of immolation {unknown}
 t - a scroll of enchant armour {unknown}
 v - a scroll of silence {unknown}
 z - a scroll of torment {unknown}
Potions
 c - a potion of flight {unknown}
 d - 2 potions of invisibility {unknown}
 i - 2 potions of heal wounds {unknown}
 l - a potion of cancellation {unknown}
 n - 3 potions of lignification {unknown}
 u - a potion of mutation {unknown}
 x - a potion of resistance {unknown}
 B - a potion of brilliance {unknown}
 C - a potion of haste {unknown}


   Skills:
 - Level 3.7 Fighting
 * Level 11.4 Axes
 - Level 2.5 Armour
 - Level 2.3 Dodging
 + Level 6.0 Shields


You had 7 spell levels left.
You didn't know any spells.
Your spell library was empty.

Dungeon Overview and Level Annotations

Branches:
Dungeon (7/15)
 Temple: D:4-7

Altars:
Nemelex Xobeh
Wu Jian
Yredelemnul
The Shining One


Innate Abilities, Weirdness & Mutations

You have a pair of horns on your head.
You reflexively headbutt those who attack you in melee.


Message History

a +1 vorpal flail; a +0 sling You barely miss the gnoll sergeant.
You closely miss something. Something hits you. Something shocks you.
The gnoll sergeant hits you with a +0 trident.
You hit the gnoll sergeant.
The gnoll sergeant is poisoned.
Your headbutt misses the gnoll sergeant.
The gnoll sergeant is lightly wounded.
You hit something. Trog accepts your kill.
Reactivating autopickup.
You feel a bit more experienced.
The gnoll sergeant hits you with a +0 trident!
* * * LOW HITPOINT WARNING * * *
Your Shields skill increases to level 6!
You hit the gnoll sergeant but do no damage.
The gnoll sergeant looks as sick as possible!
The gnoll sergeant is lightly wounded.
You block the gnoll sergeant's attack.
You hit the gnoll sergeant.
The gnoll sergeant is moderately wounded.
The gnoll sergeant hits you with a +0 trident.
* * * LOW HITPOINT WARNING * * *
You barely miss the gnoll sergeant.
You headbutt the gnoll sergeant, but do no damage.
The gnoll sergeant is heavily wounded.
The gnoll sergeant barely misses you.
You barely miss the gnoll sergeant.
The gnoll sergeant is heavily wounded.
You closely miss the gnoll sergeant.
You headbutt the gnoll sergeant, but do no damage.
The gnoll sergeant is heavily wounded.
The gnoll sergeant hits you with a +0 trident!
* * * LOW HITPOINT WARNING * * *
You barely miss the gnoll sergeant.
The gnoll sergeant is severely wounded.
You block the gnoll sergeant's attack.
You hit the gnoll sergeant.
The gnoll sergeant is almost dead.
The gnoll sergeant hits you with a +0 trident.
You die...

.......##...### ......
.......####.#####...<.#
######## #...)..# ##
######.###### .#
######....... .#
........##### .#
..........# .#
.....).)#.### .#
......@...... .#
..##..g..#... .# ..
#.....# ## .# #.....#
.# #.....# ## #.....#
#.....#


You could see a gnoll sergeant (very poisoned).

Vanquished Creatures
  2 water moccasins
  A sky beast (D:6)
  2 black bears (D:5)
  An ogre (D:5)
  Blork the orc (D:6)
  A necrophage (D:5)
  3 scorpions
  A gnoll sergeant (D:6)
  A howler monkey (D:4)
  A hound (D:5)
  2 orc priests
  A jelly (D:6)
  Natasha (twice) (D:2)
  An iguana (D:5)
  An orc wizard (D:6)
  8 gnolls (D:6)
  9 adders
  A shadow imp (D:6)
  An ufetubus (D:5)
  A worm (D:5)
  4 dart slugs
  14 orcs
  4 bats
  8 endoplasms
  5 giant cockroaches
  4 goblins
  4 hobgoblins
  10 jackals
  7 kobolds
  4 quokkas
  9 ball pythons
  A frilled lizard (D:1)
  A spectral orc (D:3)
116 creatures vanquished.

Vanquished Creatures (others)
  8 fungi (D:5)
8 creatures vanquished.

Grand Total: 124 creatures vanquished

Notes
Turn   | Place    | Note
-------+----------+-------------------------------------------
     0 | D:1      | writerjack the Minotaur Berserker began the quest for the
                  | Orb.
     0 | D:1      | Reached XP level 1. HP: 19/19 MP: 0/0
   169 | D:1      | Reached skill level 4 in Axes
   181 | D:1      | Reached XP level 2. HP: 27/27 MP: 1/1
   950 | D:2      | Reached skill level 5 in Axes
   950 | D:2      | Reached XP level 3. HP: 31/33 MP: 2/2
  1333 | D:2      | Noticed Natasha
  1336 | D:2      | Found a faded altar of an unknown god.
  1339 | D:2      | Killed Natasha
  1340 | D:2      | Reached XP level 4. HP: 26/40 MP: 3/3
  1344 | D:2      | Reached skill level 6 in Axes
  1554 | D:2      | Reached ** piety under Trog
  1627 | D:2      | Noticed Natasha
  1636 | D:2      | Killed Natasha
  1961 | D:3      | Found a basalt altar of Yredelemnul.
  2088 | D:3      | Found an ornate altar of the Wu Jian Council.
  2089 | D:3      | Found a glowing golden altar of the Shining One.
  2254 | D:3      | Noticed a scorpion
  2260 | D:3      | Killed a scorpion
  2261 | D:3      | Reached skill level 7 in Axes
  2261 | D:3      | Reached XP level 5. HP: 40/46 MP: 4/4
  2631 | D:3      | Found a sparkling altar of Nemelex Xobeh.
  2901 | D:4      | Reached skill level 1 in Shields
  2901 | D:4      | Reached XP level 6. HP: 22/52 MP: 5/5
  3145 | D:4      | Reached skill level 8 in Axes
  3298 | D:5      | Entered Level 5 of the Dungeon
  3401 | D:4      | Reached *** piety under Trog
  3925 | D:5      | Reached skill level 9 in Axes
  3925 | D:5      | Reached XP level 7. HP: 9/58 MP: 6/6
  4720 | D:5      | Reached skill level 10 in Axes
  5351 | D:6      | Reached XP level 8. HP: 43/66 MP: 7/7
  5534 | D:6      | Reached skill level 5 in Shields
  6013 | D:6      | Reached skill level 11 in Axes
  6357 | D:6      | Noticed Blork the orc
  6362 | D:6      | Killed Blork the orc
  6390 | D:6      | Reached **** piety under Trog
  6400 | D:6      | Slain by a gnoll sergeant

Illustrated notes

Levels and vault maps discovered:
D:1:      spicycebolla_arrival_risky_transporter, layout_rooms
D:2:      layout_basic, ebering_ecumenical_altar_sacrificial, uniq_natasha
D:3:      layout_loops_ring, mainiacjoe_overflow_tiny_flanked,
          yredelemnul_forgotten_temple_becter, mainiacjoe_overflow_divided_tiny,
          roderic_lattice_a
D:4:      layout_basic, reono_crystal_passage, minmay_fountain_box,
          minmay_misc_feat_x, minmay_quantized
D:5:      layout_gridville, dreamdust_mushroom_princess,
          kennysheep_generic_room_3
D:6:      layout_basic, serial_shops, shop, uniq_blork_the_orc
D:7:      layout_cave_pools, minmay_temple_entry_mini_moons, uniq_maggie,
          uniq_menkaure, uniq_duvessa

Skill      XL: |  1  2  3  4  5  6  7  8 |
---------------+-------------------------+-----
Axes           | 4 5 7 9 10 11 | 11.4
Shields        | 1 3 4 6 |  6.0
Fighting       | |  3.7
Armour         | |  2.5
Dodging        | |  2.3

Action                   |  1- 3 |  4- 6 |  7- 9 || total
-------------------------+-------+-------+-------++-------
Melee: Hand axe          |    48 |    20 |    83 ||   151
       Headbutt          |     2 |    16 |    10 ||    28
       War axe           |       |   124 |     7 ||   131
Invok: Berserk           |     1 |       |     1 ||     2
Armor: Animal skin       |     2 |       |       ||     2
       Leather armour    |     9 |       |       ||     9
       Ring mail         |     3 |       |       ||     3
       Scale mail        |     8 |       |       ||     8
       Chain mail        |     6 |    74 |    35 ||   115
Dodge: Dodged            |    41 |    53 |    28 ||   122
Block: Kite shield       |       |    34 |    58 ||    92
